 Dungeon Crawl Stone Soup version 0.28-b1-25-g9875b3fc8c (webtiles) character file.

Game seed: 8676859495862554833

2517 Minsecho the Cleaver (level 9, -6/78 HPs)
             Began as a Minotaur Fighter on Feb 3, 2022.
             Was a Priest of Okawaru.
             Killed from afar by an acid dragon (33 damage)
             ... with a splash of acid
             ... on level 8 of the Dungeon.
             The game lasted 00:13:08 (6153 turns).

Minsecho the Cleaver (Minotaur Fighter)             Turns: 6153, Time: 00:13:09

Health: -6/78      AC: 28    Str: 24    XL:     9   Next: 29%
Magic:  9/9        EV:  8    Int:  5    God:    Okawaru [***...]
Gold:   251        SH:  5    Dex: 11    Spells: 8/8 levels left

rFire   . . .      SeeInvis .   a - +0 war axe
rCold   . . .      Faith    .   c - +0 buckler
rNeg    . . .      Spirit   .   q - +18 Lear's hauberk
rPois   +          Reflect  .   (helmet currently unavailable)
rElec   .          Harm     .   (no cloak)
rCorr   .          Rampage  .   (gloves currently unavailable)
Will    .....                   (boots currently unavailable)
Stlth   ..........              (no amulet)
HPRegen 0.23/turn               h - ring of poison resistance
MPRegen 0.11/turn               (no ring)

@: no status effects
A: horns 2, retaliatory headbutt
a: Renounce Religion, Heroism


You were on level 8 of the Dungeon.
You worshipped Okawaru.
Okawaru was most pleased with you.
You visited 1 branch of the dungeon, and saw 8 of its levels.

You collected 505 gold pieces.
You spent 254 gold pieces at shops.

Inventory:

Hand Weapons
 a - a +0 war axe (weapon)
Armour
 b - a +0 scale mail
 c - a +0 buckler (worn)
 o - the +0 ring mail of the Shoals {rF+ Will+ Str+4}
   (You found it on level 3 of the Dungeon)

   Str:       It affects your strength (+4).
   rF:        It protects you from fire.
   Will:      It increases your willpower.
 q - the +18 Lear's hauberk (worn)
   (You found it on level 3 of the Dungeon)
 E - a scarf of harm
Jewellery
 h - a ring of poison resistance (left hand)
 t - an amulet of magic regeneration
 x - an amulet of guardian spirit
Wands
 F - a wand of mindburst (24)
 H - a wand of flame (16)
Scrolls
 e - a scroll of enchant armour
 f - 3 scrolls of teleportation
 p - a scroll of magic mapping {unknown}
 s - a scroll of noise {unknown}
 w - 3 scrolls of enchant weapon
 y - a scroll of immolation
 z - a scroll of silence {unknown}
 C - 2 scrolls of amnesia {unknown}
 D - 3 scrolls of fear
 G - a scroll of vulnerability {unknown}
Potions
 d - a potion of might
 g - 3 potions of lignification
 j - a potion of invisibility
 k - 3 potions of flight
 l - 6 potions of curing
 m - 5 potions of heal wounds
 n - 2 potions of attraction
 r - 3 potions of degeneration
 u - a potion of resistance
 v - 4 potions of brilliance
 A - a potion of mutation
 B - a potion of haste
 I - a potion of berserk rage
Miscellaneous
 i - a piece from Xom's chessboard (15/15)


   Skills:
 + Level 6.9 Fighting
 + Level 11.0 Axes
 + Level 7.0 Armour
 + Level 2.4 Dodging
 - Level 1.0 Stealth
 + Level 5.9 Shields
 + Level 1.5 Invocations


You had 8 spell levels left.
You didn't know any spells.
Your spell library contained the following spells:

 Spells                   Type           Power      Damage    Failure   Level
 Slow                     Hex            0%         N/A       99%         1
 Ensorcelled Hibernation  Hex/Ice        0%         N/A       99%         2
 Passwall                 Tmut/Erth      0%         N/A       99%         2
 Sublimation of Blood     Necr           0%         N/A       99%         2
 Confusing Touch          Hex            0%         N/A       100%        3
 Inner Flame              Hex/Fire       0%         N/A       100%        3
 Swiftness                Air            0%         N/A       100%        3
 Vampiric Draining        Necr           0%         2d6       100%        3
 Cause Fear               Hex            0%         N/A       100%        4
 Petrify                  Tmut/Erth      0%         N/A       100%        4
 Irradiate                Conj/Tmut      0%         3d14      100%        5
 Discord                  Hex            0%         N/A       100%        8


Dungeon Overview and Level Annotations

Branches:
Dungeon (8/15)             Temple (0/1) D:7
   Lair: D:8-11

Altars:
Ashenzari
Okawaru
Sif Muna
Xom

Shops:
D:1 *   D:4 ?   D:7 ?((*(


Innate Abilities, Weirdness & Mutations

You have a pair of horns on your head.
You reflexively headbutt those who attack you in melee.


Message History

You now have 208 gold pieces (gained 5).
You now have 210 gold pieces (gained 2).
Found a runed hand axe.
Found a stone staircase leading up.
l - 6 potions of curing (gained 1)
You now have 221 gold pieces (gained 11).
H - a wand of flame (16)
You see here a +2 hand axe of electrocution.
I - a potion of berserk rage You now have 237 gold pieces (gained 16).
m - 5 potions of heal wounds (gained 2)
You now have 251 gold pieces (gained 14).
Found a glowing helmet and a twisted jewelled staff.
Found a stone staircase leading down.
Found a potion of brilliance.
A two-headed ogre comes into view. It is wielding two +0 giant clubs.
Found 28 gold pieces.
The two-headed ogre shouts in stereo!
An acid dragon comes into view.
Found 8 gold pieces.
Found a shimmering blue altar of Sif Muna.
The acid dragon spits acid at you. The splash of acid hits you!!
You see here a +1 helmet.
Okay, then.
You gain the combat prowess of a mighty hero.
Okay, then.
Unknown command.
Press: ? - help, v - describe, . - travel
Here: a two-headed ogre, wielding two +0 giant clubs The floor.
The acid dragon spits acid at you. The splash of acid hits you!
You feel like a meek peon again. The acid dragon spits acid at you.
The splash of acid hits you!
There is a stone staircase leading up here.
The acid dragon spits acid at you. The splash of acid hits you!!
You die...

##.##.[....####...#
#. ## #......##
##.## #.
#.........##..# #.
#.......#......## #$
##..###.###.....#
#..
#####..####....####.
###.....##.........
##..................
#..@.O........###...
#...........#####..#
##........D..#.#..##
###.#..............
###).....###.....
###...###..#...
#....##..##...
##.......##...
##..#^.##....


You could see a two-headed ogre and an acid dragon (catching breath).

Vanquished Creatures
  A hornet (D:8)
  4 ice beasts
  3 orc warriors
  3 sky beasts
  2 necrophages (D:6)
  2 phantoms
  3 bullfrogs
  A scorpion (D:5)
  5 killer bees (D:8)
  A howler monkey (D:8)
  A centaur zombie (D:6)
  2 hounds
  4 orc priests
  3 iguanas
  4 orc wizards
  9 adders
  A white imp (D:5)
  An adder skeleton (D:4)
  A worm (D:2)
  19 orcs
  9 endoplasms
  2 giant cockroaches
  7 goblins
  6 hobgoblins
  3 jackals (D:2)
  4 quokkas
  18 ball pythons
  2 bats
  A frilled lizard (D:3)
  8 kobolds
  A quokka skeleton (D:4)
  3 rats
134 creatures vanquished.

Notes
Turn   | Place    | Note
-------+----------+-------------------------------------------
     0 | D:1      | Minsecho the Minotaur Fighter began the quest for the Orb.
     0 | D:1      | Reached XP level 1. HP: 19/19 MP: 0/0
   130 | D:1      | Found Koynogo's Assorted Antiques.
   177 | D:1      | Reached XP level 2. HP: 27/27 MP: 1/1
   486 | D:1      | Found a faded altar of an unknown god.
   696 | D:1      | Reached skill level 3 in Axes
   864 | D:2      | Reached XP level 3. HP: 34/34 MP: 2/2
  1255 | D:2      | Found an iron altar of Okawaru.
  1312 | D:2      | Became a worshipper of Warmaster Okawaru
  1657 | D:3      | Noticed a sky beast
  1660 | D:3      | Identified the +0 ring mail of the Shoals {rF+ Will+ Str+4}
  1666 | D:3      | Killed a sky beast
  1666 | D:3      | Reached * piety under Okawaru
  1667 | D:3      | Reached skill level 4 in Axes
  1667 | D:3      | Reached XP level 4. HP: 41/41 MP: 3/3
  1667 | D:3      | Reached XP level 5. HP: 47/47 MP: 4/4
  1914 | D:3      | Found the +18 Lear's hauberk
  2120 | D:3      | Found a broken altar of Ashenzari.
  2146 | D:3      | Reached skill level 1 in Dodging
  2450 | D:4      | Reached skill level 5 in Axes
  2792 | D:4      | Noticed an ice beast
  2813 | D:4      | Killed an ice beast
  2814 | D:4      | Reached XP level 6. HP: 37/55 MP: 5/5
  2954 | D:4      | Found Qepsus's Magic Scroll Emporium.
  2968 | D:4      | Bought a scroll of teleportation for 36 gold pieces
  2968 | D:4      | Bought a scroll of identify for 24 gold pieces
  3015 | D:4      | Reached skill level 5 in Fighting
  3015 | D:4      | Reached skill level 6 in Axes
  3015 | D:4      | Reached skill level 5 in Armour
  3744 | D:5      | Entered Level 5 of the Dungeon
  3744 | D:5      | Noticed an ice beast
  3750 | D:5      | Killed an ice beast
  3751 | D:5      | Reached XP level 7. HP: 61/61 MP: 6/6
  3752 | D:5      | Reached ** piety under Okawaru
  3899 | D:5      | Reached skill level 7 in Axes
  4066 | D:5      | You fall into a shaft and drop 3 floors!
  4100 | D:8      | Reached skill level 8 in Axes
  4101 | D:8      | Reached skill level 1 in Invocations
  4104 | D:8      | Reached XP level 8. HP: 34/70 MP: 5/7
  4107 | D:8      | Reached skill level 5 in Shields
  4110 | D:8      | Noticed a hornet
  4396 | D:6      | Reached skill level 9 in Axes
  4425 | D:6      | Found a shimmering altar of Xom.
  4486 | D:6      | Reached *** piety under Okawaru
  4662 | D:6      | Reached skill level 1 in Stealth
  4921 | D:6      | Reached skill level 10 in Axes
  5039 | D:7      | Reached XP level 9. HP: 53/78 MP: 8/8
  5242 | D:7      | Found Binuveuf's Antique Weapon Emporium.
  5253 | D:7      | Found a staircase to the Ecumenical Temple.
  5344 | D:7      | Found Wirranub's Magic Scroll Shop.
  5356 | D:7      | Bought a scroll of fear for 45 gold pieces
  5356 | D:7      | Bought a scroll of identify for 26 gold pieces
  5356 | D:7      | Bought a scroll of identify for 26 gold pieces
  5358 | D:7      | Bought a scroll of enchant weapon for 97 gold pieces
  5381 | D:7      | Found Luyxubb's Weapon Emporium.
  5490 | D:7      | Identified the +1 pair of gloves of the Vestibule of Hell
                  | {rPois MP+9 Dex-4 SInv}
  5514 | D:7      | Found Veho's Assorted Antiques.
  5620 | D:7      | Found Feeg's Antique Weapon Shoppe.
  5867 | D:8      | Reached skill level 11 in Axes
  6125 | D:8      | Noticed a two-headed ogre
  6126 | D:8      | Found a shimmering blue altar of Sif Muna.
  6153 | D:8      | Killed from afar by an acid dragon

Illustrated notes

Levels and vault maps discovered:
D:1:      erik_arrival_blinker_ship, layout_basic,
          nicolae_ecumenical_snake_handling, serial_shops, shop_fountains
D:2:      layout_loops_ring, basic_altar
D:3:      layout_basic, mainiacjoe_overflow_chevrons
D:4:      layout_gridville, serial_shops, nicolae_stop_n_shop_1,
          serial_bayou_pond_c, minmay_snake_closets
D:5:      layout_basic
D:6:      layout_basic, xom_butterflies
D:7:      layout_basic, minmay_temple_entry_trees, serial_shops, shop_fountains,
          shop, nicolae_stop_n_shop_2, nicolae_lakefront_shop,
          nicolae_shop_bloodbath_and_beyond, minivault_4
D:8:      layout_cave_pools, amcnicky_altar_gilded

Skill      XL: |  1  2  3  4  5  6  7  8  9 |
---------------+----------------------------+-----
Fighting       | 4 5 6 |  6.9
Axes           | 3 4 5 6 8 10 11 | 11.0
Shields        | 4 5 |  5.9
Armour         | 4 5 6 7 |  7.0
Dodging        | 1 2 |  2.4
Invocations    | 1 |  1.5
Stealth        | 1 |  1.0

Action                   |  1- 3 |  4- 6 |  7- 9 || total
-------------------------+-------+-------+-------++-------
Melee: War axe           |    84 |   117 |   212 ||   413
       Headbutt          |    13 |     8 |    28 ||    49
Invok: Heroism           |       |       |     3 ||     3
  Use: Potion            |     1 |       |     1 ||     2
       Scroll            |     1 |       |    13 ||    14
Armor: Scale mail        |    40 |     4 |       ||    44
       Chain mail        |       |    62 |   125 ||   187
Dodge: Dodged            |    42 |    59 |    79 ||   180
Block: Buckler           |    24 |    19 |    48 ||    91
